 Dungeon Crawl Stone Soup version 0.29-a0-284-gf9362112df (webtiles) character file.

Game seed: 7299145133609442961

504 YayAnonymity the Chopper (level 7, -3/52 HPs)
             Began as a Formicid Fighter on Mar 26, 2022.
             Succumbed to a scorpion's poison
             ... on level 5 of the Dungeon.
             The game lasted 00:05:42 (5243 turns).

YayAnonymity the Chopper (Formicid Fighter)         Turns: 5243, Time: 00:05:43

Health: -3/52      AC:  9    Str: 23    XL:     7   Next: 41%
Magic:  7/7        EV:  7    Int:  7    God:
Gold:   205        SH:  6    Dex: 16    Spells: 6/6 levels left

rFire   . . .      SeeInvis +   a - +1 war axe
rCold   . . .      Faith    .   c - +0 buckler
rNeg    . . .      Spirit   .   o - +0 chain mail
rPois   .          Reflect  .   (helmet unavailable)
rElec   .          Harm     .   (no cloak)
rCorr   .          Rampage  .   (no gloves)
Will    .....                   (no boots)
Stlth   ..........              (no amulet)
HPRegen 0.17/turn               l - +6 ring of dexterity
MPRegen 0.10/turn               e - ring of flight

@: lethally poisoned (-3 -> -26), flying
A: permanent stasis, dig shafts and tunnels, antennae 3, four strong arms
a: Dig, Shaft Self


You were on level 5 of the Dungeon.
You visited 1 branch of the dungeon, and saw 5 of its levels.

You collected 205 gold pieces.

Inventory:

Hand Weapons
 a - a +1 war axe (weapon)
Missiles
 f - 5 javelins
 m - 7 boomerangs
 q - a throwing net
Armour
 c - a +0 buckler (worn)
 o - a +0 chain mail (worn)
Jewellery
 e - a ring of flight (right hand)
 l - a +6 ring of dexterity (left hand)
 v - a +6 ring of dexterity
Scrolls
 p - a scroll of noise
 t - a scroll of amnesia
 u - a scroll of teleportation {unknown}
Potions
 d - a potion of might
 h - a potion of brilliance
 i - a potion of heal wounds
 j - 2 potions of lignification
 k - 2 potions of ambrosia
 n - a potion of invisibility {unknown}
 r - a potion of magic {unknown}
 s - a potion of attraction {unknown}


   Skills:
 - Level 3.2 Fighting
 * Level 6.3 Axes
 - Level 3.2 Armour
 + Level 6.2 Shields


You had 6 spell levels left.
You didn't know any spells.
Your spell library contained the following spells:

 Spells                   Type           Power      Damage    Failure   Level
 Sublimation of Blood     Necr           0%         N/A       100%        2
 Wereblood                Tmut           0%         N/A       100%        2
 Summon Hydra             Summ           0%         N/A       100%        7


Dungeon Overview and Level Annotations

Branches:
Dungeon (5/15)
 Temple: D:4-7

Altars:
Dithmenos
Elyvilon


Innate Abilities, Weirdness & Mutations

You cannot be hasted, slowed, berserked, paralysed or teleported.
You can dig through walls and to a lower floor.
You have a pair of large antennae on your head. (SInv)
Your four strong arms can wield two-handed weapons with a shield.


Message History

You hit the ice beast. You hit the scorpion. You closely miss the iguana.
You feel sick.
The ice beast hits you but does no damage.
You block the iguana's attack. The howler monkey hits you.
The scorpion barely misses you.
You barely miss the scorpion.
The scorpion is heavily wounded.
You hit the ice beast but do no damage. You barely miss the howler monkey.
You slash the iguana!
You feel sick. The howler monkey barely misses you.
The scorpion stings you but does no damage.
The iguana bites you. The ice beast barely misses you.
You block the howler monkey's attack. The scorpion barely misses you.
The iguana bites you.
The ice beast hits you but does no damage.
You are too injured to fight recklessly!
You are too injured to fight recklessly!
You are too injured to fight recklessly!
You hit the scorpion.
The scorpion is severely wounded.
You barely miss the ice beast. You hit the howler monkey. You hit the iguana.
You feel sick. You block the howler monkey's attack. The scorpion stings you.
* * * LOW HITPOINT WARNING * * *
You are lethally poisoned!
The scorpion poisons you! The iguana bites you.
* * * LOW HITPOINT WARNING * * *
The ice beast hits you but does no damage.
The scorpion attacks as you move away!
The scorpion stings you but does no damage.
* * * LOW HITPOINT WARNING * * *
You feel very sick.
The ice beast hits you but does no damage.
The howler monkey hits you but does no damage.
* * * LOW HITPOINT WARNING * * *
You feel very sick. The scorpion stings you.
* * * LOW HITPOINT WARNING * * *
You are more poisoned.
The scorpion poisons you! The scorpion attacks as you move away!
The scorpion closely misses you.
You die...

≈≈≈# ..≈######
#.≈#.<..# .
#.≈####.## ...
#.≈#.....#
....####.≈#.#####
........h≈#.#
..$...†$l.@.#
.?$.....s.'.#
........Y≈###
....####.≈# ...
#.≈# .. #.≈# .
#.≈# ..≈#


You could see an ice beast, a scorpion, a howler monkey and an iguana.

Vanquished Creatures
  A sky beast (D:4)
  2 black bears
  An orc priest (D:3)
  Robin (D:2)
  3 gnolls
  3 adders
  An ufetubus (D:5)
  4 worms
  3 dart slugs
  9 orcs
  10 endoplasms
  5 giant cockroaches
  16 goblins
  10 hobgoblins
  7 jackals (D:3)
  5 kobolds
  3 quokkas
  8 ball pythons
  6 bats
  4 frilled lizards
  11 rats
113 creatures vanquished.

Notes
Turn   | Place    | Note
-------+----------+-------------------------------------------
     0 | D:1      | YayAnonymity the Formicid Fighter began the quest for the
                  | Orb.
     0 | D:1      | Reached XP level 1. HP: 18/18 MP: 1/1
   101 | D:1      | Reached XP level 2. HP: 23/24 MP: 2/2
   365 | D:1      | Reached XP level 3. HP: 29/29 MP: 3/3
   548 | D:1      | Found a faded altar of an unknown god.
  1210 | D:2      | Reached XP level 4. HP: 35/35 MP: 4/4
  1211 | D:2      | Noticed Robin
  1229 | D:2      | Killed Robin
  1863 | D:2      | Reached XP level 5. HP: 41/41 MP: 5/5
  3439 | D:3      | Reached skill level 5 in Shields
  3529 | D:3      | Reached XP level 6. HP: 36/47 MP: 6/6
  3794 | D:3      | Reached skill level 5 in Axes
  4143 | D:4      | Found a shadowy altar of Dithmenos.
  4244 | D:4      | Found a white marble altar of Elyvilon.
  4480 | D:4      | Noticed a black bear
  4482 | D:4      | Noticed a sky beast
  4506 | D:3      | Killed a black bear
  4516 | D:4      | Killed a sky beast
  4517 | D:4      | Reached XP level 7. HP: 30/52 MP: 7/7
  5215 | D:5      | Entered Level 5 of the Dungeon
  5242 | D:5      | HP: 2/52 [scorpion (5)]
  5243 | D:5      | Succumbed to a scorpion's poison

Illustrated notes

Levels and vault maps discovered:
D:1:      dpeg_arrival_houses_and_road, layout_basic,
          hellmonk_ecumenical_altar_inner_sanctum, minmay_tall_x
D:2:      layout_basic, minmay_pentomino_t2, uniq_robin
D:3:      layout_rooms
D:4:      layout_gridville, mainiacjoe_overflow_surrounded_room,
          nicolae_dithmenos_shadow_blocks, kennysheep_generic_room_10
D:5:      cheibrodos_barr_body, layout_basic, fountainhead,
          hangedman_decor_opposing, kennysheep_dice

Skill      XL: |  1  2  3  4  5  6  7 |
---------------+----------------------+-----
Shields        | 4 5 6 |  6.2
Axes           | 3 4 5 6 |  6.3
Fighting       | |  3.2
Armour         | |  3.2

Action                   |  1- 3 |  4- 6 |  7- 9 || total
-------------------------+-------+-------+-------++-------
Melee: War axe           |    82 |   172 |    29 ||   283
  Use: Scroll            |     2 |     8 |     4 ||    14
Armor: Scale mail        |    25 |       |       ||    25
       Chain mail        |    10 |    90 |    32 ||   132
Dodge: Dodged            |    38 |    49 |    22 ||   109
Block: Buckler           |    19 |    46 |    10 ||    75

Table legend: (Time is in decaauts)
 A = Elapsed time spent in this place.
 B = Non-inter-level travel time spent in this place.
 C = Inter-level travel time spent in this place.
 D = Time resting spent in this place.
 E = Time spent auto-exploring this place.
 F = Levels seen in this place.
 G = Mean time per level.
                   A        B        C        D        E       F      G
               +--------+--------+--------+--------+--------+-----+--------+
         Total |   5340 |   5092 |    248 |    651 |   3640 |   5 | 1068.0 |
       Dungeon |   5340 |   5092 |    248 |    651 |   3640 |   5 | 1068.0 |
               +--------+--------+--------+--------+--------+-----+--------+

Top non-repeatable levels by time:
     D:2: 1740 daAuts
     D:1: 1635 daAuts
     D:4: 1096 daAuts
     D:3: 838 daAuts
     D:5: 30 daAuts
